 Dungeon Sprint DCSS version 0.21.1-1-g345015f (webtiles) character file.

120 Fang the Cleaver (level 6, -25/68 HPs)
             Began as a Minotaur Berserker on Apr 23, 2018.
             Was a High Priest of Trog.
             Killed from afar by a kamikaze kobold (32 damage)
             ... with an exploding inner flame
             ... in the Dungeon (Sprint VI: "Thunderdome").
             The game lasted 00:01:57 (443 turns).

Fang the Cleaver (Minotaur Berserker)                Turns: 443, Time: 00:01:58

Health: -25/68     AC:  2    Str: 23    XL:     6   Next: 68%
Magic:  5/5        EV: 14    Int:  4    God:    Trog [*****.]
Gold:   400        SH:  0    Dex: 10    Spells: 5/5 levels left

rFire    . . .     SeeInvis .   a - +0 hand axe
rCold    . . .     Gourm    .   (no shield)
rNeg     . . .     Faith    .   b - +0 animal skin
rPois    .         Spirit   .   (helmet restricted)
rElec    .         Reflect  .   (no cloak)
rCorr    .         Harm     .   (no gloves)
MR       .....     NoTele   +   (no boots)
Stlth    +.........             (no amulet)
HPRegen  0.21/turn              (no ring)
MPRegen  0.09/turn              (no ring)

@: no status effects
A: retaliatory headbutt, horns 2
a: Berserk, Trog's Hand, Brothers in Arms, Burn Spellbooks, Renounce Religion


You were in the Dungeon.
You worshipped Trog.
Trog was extremely pleased with you.
You were not hungry.

You visited 1 branch You collected 400 gold pieces.

Inventory:

Hand Weapons
 a - a +0 hand axe (weapon)
Armour
 b - a +0 animal skin (worn)
Wands
 k - a wand of acid (5)
 l - a wand of iceblast (5)
 o - a wand of random effects (11)
Scrolls
 i - 4 scrolls of blinking
 m - 3 scrolls of fog
Potions
 d - a potion of curing
 e - 4 potions of heal wounds
 f - 4 potions of haste
 g - 2 potions of magic
 h - a potion of berserk rage
 j - a potion of resistance
Comestibles
 c - a ration


   Skills:
 + Level 11.0 Fighting
 + Level 11.4 Axes
 + Level 5.5 Armour
 + Level 5.8 Dodging
 + Level 1.2 Stealth


You had 5 spell levels left.
You didn't know any spells.

Dungeon Overview and Level Annotations

Branches:
Dungeon (1/1)

Altars:
Cheibriados
Dithmenos
Fedhas
Gozag
Makhleb
Okawaru
Qazlal
Ru
Sif Muna
Uskayaw
Vehumet
Wu Jian
Xom
Yredelemnul
Zin
The Shining One
Beogh
Lugonu

Shops:
D *[%??*?*:[((


Innate Abilities, Weirdness & Mutations

You reflexively headbutt those who attack you in melee.
You have a pair of horns on your head.


Message History

You start resting.
A kamikaze kobold comes into view. It is wielding an enchanted dagger.
The kamikaze kobold shouts!
A kamikaze kobold is nearby!
A kamikaze kobold is nearby!
A kamikaze kobold is nearby!
The kamikaze kobold hits you with an enchanted dagger.
* * * LOW HITPOINT WARNING * * *
You closely miss the kamikaze kobold. You closely miss the kamikaze kobold.
Your headbutt misses the kamikaze kobold.
The kamikaze kobold hits you but does no damage.
You hit the kamikaze kobold but do no damage.
Your headbutt misses the kamikaze kobold.
The kamikaze kobold hits you with an enchanted dagger.
* * * LOW HITPOINT WARNING * * *
You slash the kamikaze kobold!
The kamikaze kobold explodes!
The fiery explosion engulfs you!
You die...

#....... #_......
###.......
#⌠........
######.8.......
##∩___......###.
###∩........8.# #.
##§...)........###.
#§@..§......###...#
#§§....)....# #.<.#
#⌠..[.......###...#
##....)........###.
###∩......[.8.# .
##∩.._[.....###.
######.8.......
#⌠........
###.......


There were no monsters in sight!

Vanquished Creatures
  2 floating eyes (D)
  Blork the orc (D)
  A hound (D)
  3 jellies (D)
  Jessica (D)
  Terence (D)
  An ooze (D)
  A worm (D)
  3 orcs (D)
  A kobold (D)
15 creatures vanquished.

Notes
Turn   | Place    | Note
-------+----------+-------------------------------------------
     0 | D        | Fang the Minotaur Berserker began the quest for the Orb.
     0 | D        | Reached XP level 1. HP: 19/19 MP: 0/0
     3 | D        | Found an iron altar of Okawaru.
     3 | D        | Found a deep blue altar of Sif Muna.
     4 | D        | Found an ornate altar of the Wu Jian Council.
     4 | D        | Found a basalt altar of Yredelemnul.
     5 | D        | Found a corrupted altar of Lugonu.
     5 | D        | Found a burning altar of Makhleb.
     5 | D        | Round 1.
     6 | D        | Found a glowing silver altar of Zin.
     6 | D        | Found Ulilaami's Staff Store.
     6 | D        | Found Rirch's Magic Scroll Shop.
     7 | D        | Found a hide-covered altar of Uskayaw.
     7 | D        | Found Pumyji's Must-Have Magic.
     7 | D        | Found Ryosul's Magic Scroll Shop.
    23 | D        | Found a snail-covered altar of Cheibriados.
    27 | D        | Found an opulent altar of Gozag.
    27 | D        | Found a blossoming altar of Fedhas.
    27 | D        | Found Imisoew's Delicious Food.
    27 | D        | Found Gengeomn's Jewellery.
    44 | D        | Found Ogotum's Advanced Armour.
    49 | D        | Found Haosiyps's Identification Station.
    49 | D        | Found a radiant altar of Vehumet.
    60 | D        | Found a glowing golden altar of the Shining One.
    62 | D        | Found a stormy altar of Qazlal.
    62 | D        | Found a sacrificial altar of Ru.
    62 | D        | Found Ketzoit's Premium Goods.
    62 | D        | Found Imosuk's Miscellaneous Merchandise.
    63 | D        | Noticed a hound
    63 | D        | Found Oqoizeqo's Basic Armour.
    64 | D        | Found a shimmering altar of Xom.
    64 | D        | Found a shadowy altar of Dithmenos.
    64 | D        | Found a roughly hewn altar of Beogh.
    64 | D        | Found Xore's Weapon Rack.
    69 | D        | Killed a hound
    69 | D        | Reached skill level 5 in Fighting
    69 | D        | Reached skill level 5 in Axes
    69 | D        | Reached XP level 2. HP: 9/30 MP: 1/1
    69 | D        | Reached XP level 3. HP: 12/37 MP: 2/2
    86 | D        | Noticed Terence
    96 | D        | Killed Terence
    96 | D        | Reached ** piety under Trog
   137 | D        | Noticed Jessica
   148 | D        | Killed Jessica
   148 | D        | Arena points: 12 (+12) [x2]
   148 | D        | Reached XP level 4. HP: 15/47 MP: 3/3
   203 | D        | Round 2.
   205 | D        | Noticed Blork the orc
   210 | D        | Reached *** piety under Trog
   214 | D        | Killed Blork the orc
   214 | D        | Reached XP level 5. HP: 28/56 MP: 4/4
   248 | D        | Arena points: 36 (+24) [x3]
   263 | D        | Round 3.
   264 | D        | Noticed a floating eye
   265 | D        | Paralysed by a floating eye for 3 turns
   271 | D        | Killed a floating eye
   271 | D        | Reached skill level 5 in Dodging
   289 | D        | Noticed a floating eye
   294 | D        | Paralysed by a floating eye for 2 turns
   297 | D        | Killed a floating eye
   297 | D        | Reached **** piety under Trog
   297 | D        | Reached skill level 10 in Fighting
   297 | D        | Reached skill level 10 in Axes
   297 | D        | Reached skill level 5 in Armour
   297 | D        | Reached skill level 1 in Stealth
   297 | D        | Reached XP level 6. HP: 43/67 MP: 5/5
   339 | D        | Reached ***** piety under Trog
   339 | D        | Arena points: 120 (+84) [x4]
   403 | D        | Round 4.
   443 | D        | Killed from afar by a kamikaze kobold

Skill      XL: |  1  2  3  4  5  6 |
---------------+-------------------+-----
Fighting       | 5 7 8 10 11 | 11.0
Axes           | 5 6 7 8 10 11 | 11.4
Armour         | 3 4 5 |  5.5
Dodging        | 3 4 5 |  5.8
Stealth        | 1 |  1.2

Action                   |  1- 3 |  4- 6 || total
-------------------------+-------+-------++-------
Melee: Hand axe          |     9 |    29 ||    38
       Headbutt          |     3 |     9 ||    12
Invok: Berserk           |     1 |     1 ||     2
Armor: Animal skin       |     1 |     2 ||     3
Dodge: Dodged            |     7 |    12 ||    19
